 Dungeon Crawl Stone Soup version 0.31.0-32-g396128a36d (webtiles) character file.

Game seed: 12113757500671462063

3441 Alphaeus the Grappler (level 9, -5/88 HPs)
             Began as a Troll Shapeshifter on Mar 19, 2024.
             Was a Believer of Cheibriados.
             Slain by an orc warrior
             ... wielding a +0 halberd
              (11 damage)
             ... on level 7 of the Dungeon.
             The game lasted 00:06:33 (4273 turns).

Alphaeus the Grappler (Troll Shapeshifter)          Turns: 4273, Time: 00:06:34

Health: -5/88      AC:  4    Str: 31    XL:     9   Next: 77%
Magic:  8/8        EV: 10    Int: 13    God:    Cheibriados [**....]
Gold:   386        SH:  0    Dex: 14    Spells: 8/8 levels left

rFire   . .          .
                       - Unarmed
rCold   . . .        (no shield)
rNeg    . . .        a - +0 animal skin
rPois   .            (helmet currently unavailable)
rElec   .            (cloak currently unavailable)
rCorr   .            (gloves unavailable)
SInv    .            (boots unavailable)
Will    .....        (no amulet)
Stlth   +            (no ring)
HPRegen 1.14/turn    (no ring)
MPRegen 0.11/turn

%: no passive effects
@: beast-form, very slow
A: beast (slay +4), large, unfitting armour, claws 3, regeneration 1, shaggy fur
1, tough skin 1
a: Begin Untransformation, Renounce Religion, Bend Time


You were on level 7 of the Dungeon.
You worshipped Cheibriados.
Cheibriados was pleased with you.
You were a hulking beast.
You visited 2 branches of the dungeon, and saw 8 of its levels.

You collected 491 gold pieces.
You spent 105 gold pieces at shops.

Inventory:

Armour
 a - a +0 animal skin (worn)
 r - a +1 cloak
Jewellery
 w - an amulet of magic regeneration
Talismans
 c - a beast talisman
 d - a flux talisman
 i - a maw talisman
 t - a serpent talisman
Wands
 o - a wand of digging (8)
 y - a wand of iceblast (15)
Scrolls
 f - 7 scrolls of identify {unknown}
 g - 6 scrolls of teleportation
 j - 3 scrolls of revelation {unknown}
 k - 3 scrolls of blinking
 l - 4 scrolls of vulnerability {unknown}
 n - 3 scrolls of poison {unknown}
 p - 6 scrolls of enchant armour {unknown}
 q - a scroll of silence {unknown}
 s - a scroll of amnesia {unknown}
 u - a scroll of immolation {unknown}
 x - a scroll of fear {unknown}
 A - a scroll of fog {unknown}
 B - a scroll of butterflies {unknown}
Potions
 b - a potion of lignification
 e - a potion of brilliance {unknown}
 h - a potion of curing
 m - 2 potions of heal wounds {unknown}
 v - a potion of might {unknown}
 z - a potion of haste {unknown}


   Skills:
 + Level 5.2 Fighting
 - Level 1.5 Dodging
 * Level 9.4 Unarmed Combat
 * Level 8.7 Shapeshifting


You had 8 spell levels left.
You didn't know any spells.
Your spell library contained the following spells:

 Spells                   Type           Power      Damage    Failure   Level
 Freeze                   Ice            0%         1d3       30%         1
 Ensorcelled Hibernation  Hex/Ice        0%         N/A       43%         2
 Dazzling Flash           Conj/Hex       0%         N/A       67%         3
 Frozen Ramparts          Ice            0%         1d1       67%         3
 Hailstorm                Conj/Ice       0%         3d5       67%         3
 Mephitic Cloud           Conj/Alch/Air  0%         N/A       67%         3
 Passwall                 Erth           0%         N/A       67%         3
 Swiftness                Air            0%         N/A       67%         3
 Curse of Agony           Necr           0%         N/A       100%        5
 Silence                  Hex/Air        0%         N/A       100%        5


Dungeon Overview and Level Annotations

Branches:
Dungeon (7/15)             Temple (1/1) D:5

Altars:
Ashenzari
Cheibriados
Dithmenos
Elyvilon
Fedhas
Hepliaklqana
Kikubaaqudgha
Makhleb
Nemelex Xobeh
Okawaru
Ru
Sif Muna
Trog
Uskayaw
Vehumet
Wu Jian
Xom
Yredelemnul
Zin

Shops:
D:1 *   D:4 ?


Innate Abilities, Weirdness & Mutations

You are a hulking beast.
Your limbs bulge with bestial killing power. (Slay +4)
You are too large for most types of armour.
You have claws for hands.
Your natural rate of healing is unusually fast.
You are covered in fur. (AC +1)
You have tough skin. (AC +1)


Message History

You are too injured to fight recklessly!
You are too injured to fight recklessly!
You are too injured to fight recklessly!
You are too injured to fight recklessly!
You are too injured to fight recklessly!
You are too injured to fight recklessly!
You are too injured to fight recklessly!
You are too injured to fight recklessly!
You are too injured to fight recklessly!
You are too injured to fight recklessly!
You are too injured to fight recklessly!
You are too injured to fight recklessly!
You are too injured to fight recklessly!
You are too injured to fight recklessly!
The orc warrior hits you from afar with a +0 halberd!
* * * LOW HITPOINT WARNING * * *
It was a potion of curing.
You feel better. Something hits you but does no damage.
The orc warrior hits you from afar with a +0 halberd!
* * * LOW HITPOINT WARNING * * *
You barely miss something.
You hear some strange, mumbled words.
A magic dart appears from out of thin air!
The magic dart hits you.
* * * LOW HITPOINT WARNING * * *
The orc warrior hits you from afar with a +0 halberd!
* * * LOW HITPOINT WARNING * * *
You feel better. Something hits you but does no damage.
The orc warrior closely misses you.
You mangle something!!
Cheibriados appreciates the change of pace.
Reactivating autopickup.
You feel a bit more experienced.
The orc warrior hits you from afar with a +0 halberd!
* * * LOW HITPOINT WARNING * * *
You feel better. The orc warrior completely misses you.
The orc warrior hits you with a +0 halberd.
* * * LOW HITPOINT WARNING * * *
The orc warrior hits you with a +0 halberd!
You die...

#. ##### #.
##.# #....
#. #...
.......
#.### #..#
###....
...## #
#..# ##...
###...##.#
#..# #...
....#....#
#..# #...
###...#
#o.######
..... ##.##
###
#h.......
##### #.#
##.##
#.#######
#.#
##...####.#
#.#
#.........#
#)#
##)..######
#)#####.##
#.)))...#
#########


You could see an orc warrior.

Vanquished Creatures
  Maurice (D:7)
  Grinder (D:4)
  A hornet (D:7)
  Sigmund (D:2)
  Eustachio (D:6)
  Menkaure (D:4)
  A water moccasin (D:6)
  An orc warrior (D:7)
  A black bear (D:6)
  2 centaurs (D:7)
  A phantom (D:5)
  2 kobold brigands (D:7)
  A gnoll sergeant (D:7)
  A scorpion (D:4)
  3 bullfrogs
  5 wights (D:7)
  A howler monkey (D:5)
  2 bombardier beetles (D:6)
  3 hounds
  A jelly (D:6)
  4 orc priests
  Crazy Yiuf (D:2)
  A gnoll bouda (D:5)
  Jessica (D:2)
  2 iguanas
  Ijyb (D:5)
  Natasha (thrice) (D:2)
  4 orc wizards
  Robin (D:2)
  6 adders
  11 gnolls
  A shadow imp (D:7)
  2 white imps
  2 ufetubi (D:6)
  3 dart slugs
  A ribbon worm (D:3)
  10 orcs
  9 bats
  12 endoplasms
  6 giant cockroaches
  12 hobgoblins
  11 kobolds
  2 quokkas
  9 ball pythons
  6 frilled lizards
  19 goblins
  5 rats
176 creatures vanquished.

Notes
Turn   | Place    | Note
-------+----------+-------------------------------------------
     0 | D:1      | Alphaeus the Troll Shapeshifter began the quest for the
                  | Orb.
     0 | D:1      | Reached XP level 1. HP: 18/18 MP: 0/0
    63 | D:1      | Reached skill level 1 in Fighting
    63 | D:1      | Reached XP level 2. HP: 17/27 MP: 1/1
   176 | D:1      | Reached XP level 3. HP: 33/33 MP: 2/2
   254 | D:1      | Found a faded altar of an unknown god.
   429 | D:1      | Found Tuqahiz's General Store.
   546 | D:2      | Noticed Natasha
   551 | D:2      | Killed Natasha
   552 | D:2      | Reached XP level 4. HP: 41/41 MP: 3/3
   566 | D:2      | Noticed Sigmund
   574 | D:2      | Killed Sigmund
   575 | D:2      | Reached skill level 4 in Unarmed Combat
   575 | D:2      | Reached XP level 5. HP: 30/49 MP: 4/4
   684 | D:2      | You fall into a shaft and drop 2 floors!
   696 | D:4      | Reached skill level 5 in Unarmed Combat
   696 | D:4      | Reached XP level 6. HP: 35/57 MP: 5/5
   762 | D:4      | Noticed Grinder
   768 | D:4      | Found Anoreuwn's Magic Scroll Shoppe.
   774 | D:4      | Noticed Menkaure
   960 | D:2      | Noticed Natasha
   965 | D:2      | Killed Natasha
  1108 | D:2      | Noticed Natasha
  1116 | D:2      | Killed Natasha
  1117 | D:2      | Reached skill level 5 in Shapeshifting
  1297 | D:2      | Identified the +0 helmet "Geugeo" {Harm rPois rF+ Will+}
  1297 | D:2      | Noticed Robin
  1307 | D:2      | Killed Robin
  1383 | D:2      | Identified the +4 hammer of the Weasel {drain, rC+ Will-
                  | rCorr}
  1386 | D:2      | Found a runed translucent door.
  1387 | D:2      | Noticed Crazy Yiuf
  1477 | D:2      | Noticed Jessica
  1481 | D:2      | Killed Jessica
  1604 | D:2      | Killed Crazy Yiuf
  1605 | D:2      | Reached XP level 7. HP: 60/66 MP: 6/6
  2106 | D:4      | Paralysed by Grinder for 2 turns
  2122 | D:4      | Killed Grinder
  2123 | D:4      | Reached skill level 6 in Unarmed Combat
  2181 | D:4      | Bought a scroll of blinking for 105 gold pieces
  2443 | D:4      | Killed Menkaure
  2444 | D:4      | Reached XP level 8. HP: 44/75 MP: 7/7
  2500 | D:5      | Entered Level 5 of the Dungeon
  2504 | D:5      | Identified the +1 pair of boots "Rulei" {^Drain Str+2
                  | Dex+3}
  2591 | D:5      | Noticed Ijyb
  2598 | D:5      | Killed Ijyb
  2664 | D:5      | Found a shadowy altar of Dithmenos.
  2708 | D:5      | Found a staircase to the Ecumenical Temple.
  2718 | Temple   | Entered the Ecumenical Temple
  2843 | Temple   | Became a worshipper of Cheibriados the Contemplative
  3054 | D:5      | Reached skill level 7 in Unarmed Combat
  3169 | D:6      | Noticed Eustachio
  3178 | D:6      | Killed Eustachio
  3265 | D:6      | Reached * piety under Cheibriados
  3366 | D:6      | Reached skill level 8 in Unarmed Combat
  3610 | D:6      | Found an ancient bone altar of Kikubaaqudgha.
  3681 | D:7      | Reached XP level 9. HP: 73/85 MP: 8/8
  3765 | D:7      | Noticed Maurice
  3767 | D:7      | Maurice stole a beast talisman
  3767 | D:7      | Maurice stole an amulet of magic regeneration
  3770 | D:7      | Maurice stole 285 gold
  3777 | D:7      | Killed Maurice
  3992 | D:7      | Reached ** piety under Cheibriados
  4020 | D:7      | Reached skill level 9 in Unarmed Combat
  4119 | D:7      | Reached skill level 5 in Fighting
  4269 | D:7      | HP: 3/88 [orc warrior/+0 halberd (12)]
  4273 | D:7      | Slain by an orc warrior

Illustrated notes

Levels and vault maps discovered:
D:1:      ncdulo_wetmaze, layout_rooms, hellmonk_ecumenical_altar_prayer_group,
          serial_shops, nicolae_shop_statue_plus
D:2:      layout_loops_ring, chequers_serial_rivers_small_a,
          minmay_large_rounded_square, minmay_pentomino_s4, uniq_robin,
          uniq_sigmund, uniq_crazy_yiuf_cottage, uniq_natasha, uniq_jessica
D:3:      layout_rooms, minmay_fractal_squares_5
D:4:      layout_cave_pools, serial_shops, shop, uniq_menkaure, uniq_grinder
D:5:      layout_rooms, nicolae_dithmenos_shadow_blocks,
          minmay_temple_entry_trees, uniq_ijyb
D:6:      layout_basic, mainiacjoe_overflow_small_starburst, uniq_eustachio
D:7:      kennysheep_housing_project, layout_loops_ring, uniq_maurice
Temple:   minmay_crystal_spiral_temple

Skill      XL: |  1  2  3  4  5  6  7  8  9 |
---------------+----------------------------+-----
Fighting       | 1 2 3 4 5 |  5.2
Unarmed Combat | 4 5 6 8 9 |  9.4
Shapeshifting  | 4 5 6 7 8 |  8.7
Dodging        | |  1.5

Action                     |  1- 3 |  4- 6 |  7- 9 || total
---------------------------+-------+-------+-------++-------
  Melee: Unarmed           |    86 |   108 |   236 ||   430
         Punch             |     1 |     2 |     7 ||    10
    Use: Scroll            |       |     1 |     1 ||     2
         Potion            |       |       |     3 ||     3
   Stab: Sleeping          |       |       |     1 ||     1
 Armour: Animal skin       |    53 |   101 |   240 ||   394
  Dodge: Dodged            |    36 |    64 |   129 ||   229
